 Dungeon Crawl Stone Soup version 0.27.1-1-g398f81649c (webtiles) character file.

Game seed: 8006494879011924360

182 ABBCCCDDDD the Sneak (level 5, -3/37 HPs)
             Began as an Octopode Warper on Sept 9, 2021.
             Slain by a wight (20 damage)
             ... on level 4 of the Dungeon.
             The game lasted 00:07:52 (4202 turns).

ABBCCCDDDD the Sneak (Octopode Warper)              Turns: 4202, Time: 00:07:52

Health: -3/37      AC:  1    Str: 10 (11) XL:     5   Next: 62%
Magic:  8/8        EV: 13    Int: 15 (16) God:
Gold:   148        SH:  0    Dex: 11      Spells: 6/8 levels left

rFire    . . .     SeeInvis .   i - +2 dagger (drain)
rCold    + . .     Faith    .   (no shield)
rNeg     . . .     Spirit   .   (helmet restricted)
rPois    .         Reflect  .   (no amulet)
rElec    .         Harm     .   l - ring of resist corrosion
rCorr    +         Rampage  .   b - ring of protection from cold
Will     .....                  (no ring)
Stlth    ++++......             (no ring)
HPRegen  0.12/turn              (no ring)
MPRegen  0.11/turn              (no ring)
                                (no ring)
                                (no ring)

@: no status effects
A: almost no armour, amphibious, 8 rings, camouflage 1, gelatinous body 1,
(nimble swimmer 1), tentacles
a: no special abilities


You were on level 4 of the Dungeon.
You visited 1 branch of the dungeon, and saw 4 of its levels.

You collected 148 gold pieces.

Inventory:

Hand Weapons
 i - a +2 dagger of draining (weapon)
 k - a +1 dagger of holy wrath
Missiles
 c - 2 boomerangs of dispersal
 e - 129 stones
 g - 2 javelins (quivered)
 n - 13 poisoned darts
Jewellery
 a - a ring of ice
 b - a ring of protection from cold (right tentacle)
 h - an amulet of faith
 l - a ring of resist corrosion (left tentacle)
Scrolls
 d - a scroll of fog {unknown}
 f - 3 scrolls of identify {unknown}
 j - a scroll of fear {unknown}
 m - a scroll of enchant armour {unknown}
Potions
 o - a potion of lignification {unknown}


   Skills:
 + Level 4.1 Fighting
 + Level 2.2 Short Blades
 - Level 1.0 Throwing
 - Level 2.3 Dodging
 + Level 5.0 Stealth
 - Level 2.0 Spellcasting
 - Level 3.0 Translocations


You had 6 spell levels left.
You knew the following spells:

 Your Spells              Type           Power      Damage    Failure   Level
a - Blink                 Tloc           N/A        N/A       10%         2

Your spell library contained the following spells:

 Spells                   Type           Power      Damage    Failure   Level
 Gell's Gravitas          Tloc           5%         N/A       19%         3
 Lesser Beckoning         Tloc           5%         N/A       19%         3
 Teleport Other           Tloc           10%        N/A       19%         3
 Sublimation of Blood     Necr           0%         N/A       32%         2
 Wereblood                Tmut           1%         N/A       32%         2
 Portal Projectile        Hex/Tloc       12%        N/A       34%         3
 Call Canine Familiar     Summ           1%         N/A       54%         3
 Manifold Assault         Tloc           10%        N/A       87%         5
 Leda's Liquefaction      Hex/Erth       0%         N/A       91%         4
 Summon Hydra             Summ           0%         N/A       100%        7


Dungeon Overview and Level Annotations

Branches:
Dungeon (4/15)
 Temple: D:4-7

Altars:
Cheibriados
Fedhas
Hepliaklqana

Shops:
D:2 =

Annotations:
D:3 Grinder
D:4 Manslay's ghost, amateur DsCj


Innate Abilities, Weirdness & Mutations

You cannot wear most types of armour.
You are amphibious.
You can wear up to eight rings at the same time.
Your skin changes colour to match your surroundings (Stealth+).
Your rubbery body absorbs attacks. (AC +1, EV +1)
((You are camouflaged near water. (Stealth+)))
You have tentacles for arms and can constrict up to eight enemies at once.


Message History

Aim: a wight, wielding a +4 great sword and wearing a +0 robe (57% to hit)
You throw a javelin. The javelin closely misses the wight.
Throw: 4 javelins
Press: ? - help, Q - select action, (/) - cycle Shift-Dir - straight line, f/p - wight
Aim: a wight, wielding a +4 great sword and wearing a +0 robe (57% to hit)
You throw a javelin. The javelin pierces through the wight.
The wight is lightly damaged.
Throw: 3 javelins
Press: ? - help, Q - select action, (/) - cycle Shift-Dir - straight line, f/p - wight
Aim: a wight, wielding a +4 great sword and wearing a +0 robe (lightly damaged, 57% to hit)
You throw a javelin. The javelin pierces through the wight.
The wight is lightly damaged.
The wight barely misses you.
You hit the wight but do no damage. Your grab misses the wight.
The wight is lightly damaged.
The wight barely misses you.
You closely miss the wight. Your grab misses the wight.
The wight is lightly damaged.
The wight closely misses you.
You hit the wight. You grab the wight.
The wight is moderately damaged.
You constrict the wight. You hit the wight but do no damage.
The wight is moderately damaged.
You constrict the wight, but do no damage.
The wight barely misses you.
You hit the wight.
The wight is heavily damaged.
You constrict the wight. The wight misses you.
You hit the wight but do no damage.
The wight is severely damaged.
You constrict the wight.
The wight hits you with a +4 great sword!!
Ouch! That really hurt!
You hit the wight.
The wight is almost destroyed.
You constrict the wight, but do no damage.
The wight hits you with a +4 great sword!!
Ouch! That really hurt!
You die...

#... .###..#
##...######
###...### ..
#<.........
#.......##
..#.#######...######
......z..
........####..# #
#.......##
#...........# #
#....# #####.#######
# #.....##.# #.....#
# #...#
#.########.....### #
...
#(.....z@........# #
Y ##########.....#)#
#.....#.# ###.###.#
#.# #.# #.# #.# #.#
#.# #.# #.# #.# #.#


You could see a wight.

Levels and vault maps discovered:
D:1:      dpeg_arrival_morbid_curiosity, layout_basic
D:2:      layout_basic, serial_shops, nicolae_shop_waterfront, basic_altar,
          hellmonk_ecumenical_altar_heavens_door, minmay_misc_feat_room,
          minmay_3d_cube
D:3:      layout_loops_ring, mainiacjoe_overflow_24_doors, uniq_grinder,
          uniq_crazy_yiuf_cottage, uniq_natasha
D:4:      layout_loops_ring, kennysheep_little_box,
          minmay_temple_entry_proselytizer, hellmonk_ghost_happy_afterlife,
          uniq_blork_the_orc, uniq_sigmund

Notes
Turn   | Place    | Note
-------+----------+-------------------------------------------
     0 | D:1      | ABBCCCDDDD the Octopode Warper began the quest for the Orb.
     0 | D:1      | Reached XP level 1. HP: 14/14 MP: 3/3
   115 | D:1      | Reached skill level 1 in Stealth
   453 | D:1      | Reached XP level 2. HP: 18/20 MP: 5/5
   712 | D:1      | Learned a level 2 spell: Blink
   849 | D:1      | Reached skill level 2 in Stealth
  1358 | D:1      | Reached XP level 3. HP: 25/25 MP: 6/6
  1763 | D:2      | Reached skill level 3 in Stealth
  1828 | D:2      | Reached XP level 4. HP: 19/31 MP: 7/7
  2470 | D:2      | Found a snail-covered altar of Cheibriados.
  2545 | D:2      | Reached skill level 4 in Stealth
  2604 | D:2      | Found Ydghucut's Jewellery Boutique.
  2684 | D:2      | Found a faded altar of an unknown god.
  3120 | D:3      | Noticed Grinder
  3123 | D:3      | Paralysed by Grinder for 2 turns
  3504 | D:3      | Found a blossoming altar of Fedhas.
  3527 | D:3      | Noticed Natasha
  3536 | D:3      | Killed Natasha
  3537 | D:3      | Reached XP level 5. HP: 19/37 MP: 8/8
  3931 | D:4      | Noticed Manslay's ghost (amateur DsCj)
  3962 | D:4      | Found a hazy altar of Hepliaklqana.
  3997 | D:4      | Reached skill level 5 in Stealth
  4181 | D:4      | Noticed an ice beast
  4202 | D:4      | Slain by a wight

Table legend: (Time is in decaauts)
 A = Elapsed time spent in this place.
 B = Non-inter-level travel time spent in this place.
 C = Inter-level travel time spent in this place.
 D = Time resting spent in this place.
 E = Time spent auto-exploring this place.
 F = Levels seen in this place.
 G = Mean time per level.
                   A        B        C        D        E       F      G
               +--------+--------+--------+--------+--------+-----+--------+
         Total |   4194 |   4065 |    129 |   1865 |   1587 |   4 | 1048.5 |
       Dungeon |   4194 |   4065 |    129 |   1865 |   1587 |   4 | 1048.5 |
               +--------+--------+--------+--------+--------+-----+--------+

Top non-repeatable levels by time:
     D:1: 1752 daAuts
     D:2: 1498 daAuts
     D:3: 620 daAuts
     D:4: 323 daAuts

Table legend:
 A = Kills in this place as a percentage of kills in entire the game.
 B = Kills by you in this place as a percentage of kills by you in the entire game.
 C = Kills by friends in this place as a percentage of kills by friends in the entire game.
 D = Other kills in this place as a percentage of other kills in the entire game.
 E = Experience gained in this place as a percentage of experience gained in the entire game.
 F = Experience gained in this place divided by the number of levels of this place that you have seen.
                   A       B       C       D       E      F
               +-------+-------+-------+-------+-------+----------------------
         Total | 100.0 | 100.0 |   N/A |   N/A | 100.0 |  65.2
       Dungeon | 100.0 | 100.0 |   N/A |   N/A | 100.0 |  65.2
               +-------+-------+-------+-------+-------+----------------------

Action                   |  1- 3 |  4- 6 || total
-------------------------+-------+-------++-------
Melee: Short sword       |    52 |       ||    52
       Constrict         |    18 |    14 ||    32
       Tentacles         |    10 |    10 ||    20
       Dagger            |    27 |    71 ||    98
Throw: Boomerang         |     3 |       ||     3
       Dart              |       |     6 ||     6
       Javelin           |       |     4 ||     4
  Use: Scroll            |       |     1 ||     1
       Potion            |       |     1 ||     1
 Stab: Sleeping          |     6 |    10 ||    16
Armor: Skin              |     9 |     1 ||    10
Dodge: Dodged            |    49 |    36 ||    85

Vanquished Creatures
  Natasha (D:3)
  An iguana (D:4)
  3 gnolls (D:4)
  4 adders (D:2)
  3 worms (D:2)
  7 ball pythons
  5 bats
  6 endoplasms
  3 giant cockroaches
  6 hobgoblins
  4 jackals (D:1)
  3 frilled lizards
  3 goblins (D:1)
  7 kobolds
  6 rats
62 creatures vanquished.
